 Dungeon Crawl Stone Soup version 0.32-a0-131-g9dbbe29261 (webtiles) character file.

Game seed: 8463258293305773850

102 octoduck the Cudgeller (level 4, 0/44 HPs)
             Began as an Oni Warper on Feb 9, 2024.
             Killed from afar by an orc wizard (8 damage)
             ... with a puff of flame
             ... on level 3 of the Dungeon.
             The game lasted 00:05:37 (2817 turns).

octoduck the Cudgeller (Oni Warper)                 Turns: 2817, Time: 00:05:37

Health: 0/44       AC:  4    Str: 17    XL:     4   Next: 78%
Magic:  3/7        EV:  9    Int: 14    God:
Gold:   96         SH:  0    Dex:  8    Spells: 0/7 levels left

rFire   . . .        a - +0 mace
rCold   . . .        (no shield)
rNeg    . . .        b - +0 robe
rPois   .            (helmet restricted)
rElec   .            m - +0 cloak
rCorr   .            (gloves unavailable)
SInv    .            (boots unavailable)
Will    .....        (no amulet)
Stlth   +            (no ring)
HPRegen 0.27/turn    (no ring)
MPRegen 0.10/turn

%: no passive effects
@: no status effects
A: large, unfitting armour, horns 1, tough skin 1, double potion healing,
drunken brawling
a: no special abilities


You were on level 3 of the Dungeon.
You visited 1 branch of the dungeon, and saw 3 of its levels.

You collected 96 gold pieces.

Inventory:

Hand Weapons
 a - a +0 mace (weapon)
Missiles
 d - 7 darts of dispersal (quivered)
 e - 3 atropa-tipped darts
 i - 4 poisoned darts
 s - 2 javelins
Armour
 b - a +0 robe (worn)
 m - a +0 cloak (worn)
Scrolls
 c - a scroll of blinking
 h - a scroll of vulnerability {unknown}
 j - a scroll of teleportation {unknown}
 k - a scroll of enchant weapon {unknown}
 l - 5 scrolls of identify {unknown}
 q - a scroll of enchant armour {unknown}
 r - a scroll of immolation {unknown}
Potions
 f - a potion of lignification {unknown}
 g - 3 potions of might {unknown}
 n - a potion of haste {unknown}
 o - a potion of enlightenment {unknown}
 p - a potion of cancellation {unknown}


   Skills:
 - Level 2.6 Fighting
 * Level 4.0 Maces & Flails
 - Level 1.0 Throwing
 - Level 2.1 Dodging
 - Level 2.4 Spellcasting
 + Level 3.5 Translocations


You couldn't memorise any spells.
You knew the following spells:

 Your Spells              Type           Power      Damage    Failure   Level
a - Blink                 Tloc           22%        N/A       8%          2
b - Lesser Beckoning      Tloc           22%        N/A       8%          2
c - Teleport Other        Tloc           11%        N/A       16%         3

Your spell library contained the following spells:

 Spells                   Type           Power      Damage    Failure   Level
 Manifold Assault         Tloc           11%        N/A       45%         4
 Vhi's Electric Charge    Tloc/Air       12%        N/A       73%         4


Dungeon Overview and Level Annotations

Branches:
Dungeon (3/15)

Altars:

Annotations:
D:2 Jessica
D:3 Dittersdorf's ghost, amateur GrFi


Innate Abilities, Weirdness & Mutations

You are too large for most types of armour.
You have a pair of small horns on your head.
You have tough skin. (AC +1)
You gain doubled healing and magic from potions.
Whenever you drink a healing potion, you attack all around you.


Message History

Aiming: Teleport Other (dangerous; 16% risk of failure)
Press: ? - help, Shift-Dir - straight line Nothing appears to happen.
You hear some strange, mumbled words.
A magic dart appears from out of thin air!
The magic dart hits you!
You closely miss something. Something hits you but does no damage.
You barely miss something. Something hits you but does no damage.
Something hits you.
You barely miss something. Your headbutt misses something. Something hits you.
You closely miss something. Something hits you.
An orc comes into view. It is wielding a +0 hand axe.
You closely miss something. Your punch misses something.
You hear some strange, mumbled words.
You are confused.
You're too confused to cast spells.
Okay, then.
You bump into the rock wall.
Something hits you.
You're too confused to move!
Something hits you.
* * * LOW HITPOINT WARNING * * *
You bump into the rock wall.
Something hits you.
* * * LOW HITPOINT WARNING * * *
You feel less confused.
A magic dart appears from out of thin air!
The magic dart hits you!
* * * LOW HITPOINT WARNING * * *
An orc wizard comes into view. It is wielding a +0 dagger.
The orc wizard shouts!
The orc wizard casts a spell.
The orc wizard flickers and vanishes!
Blink to where?
Press: ? - help, Dir - move target, f - you
Okay, then.
A magic dart appears from out of thin air!
The magic dart hits something!
You hear some strange, mumbled words.
Something tries to affect you, but you resist.
A puff of flame appears from out of thin air!
The puff of flame hits you!
You die...

### ### #.#########.#############
#...........#.o.ooo......
#.#.........#o###########
#########.#.#########.#...
........#.#......####o#.######
#######.#.#.####@...{.........
#######.#.###########.#.......
#.............................
#######.#.###########.##.........
##...........# ##............
(###..#......#######.............
...##.#...#..#...................
.(###.#...#..#.#####.............
###.#.#......# #.............


You could see an orc.

Vanquished Creatures
  5 adders
  2 ribbon worms (D:2)
  2 ball pythons (D:2)
  2 endoplasms
  3 giant cockroaches
  3 goblins
  A hobgoblin (D:1)
  6 jackals
  3 quokkas
  2 bats (D:2)
  2 frilled lizards
  3 kobolds
  24 rats
58 creatures vanquished.

Notes
Turn   | Place    | Note
-------+----------+-------------------------------------------
     0 | D:1      | octoduck the Oni Warper began the quest for the Orb.
     0 | D:1      | Reached XP level 1. HP: 22/22 MP: 3/3
   173 | D:1      | Reached XP level 2. HP: 29/29 MP: 5/5
   696 | D:1      | Learned a level 2 spell: Blink
   699 | D:1      | Learned a level 2 spell: Lesser Beckoning
  1035 | D:2      | Reached skill level 3 in Maces & Flails
  1035 | D:2      | Reached XP level 3. HP: 32/36 MP: 6/6
  1463 | D:2      | Reached XP level 4. HP: 37/44 MP: 7/7
  1688 | D:2      | Learned a level 3 spell: Teleport Other
  1820 | D:2      | Noticed Jessica
  2559 | D:3      | Reached skill level 4 in Maces & Flails
  2638 | D:3      | Noticed a toenail golem
  2639 | D:3      | Noticed a small abomination
  2639 | D:3      | Noticed a small abomination
  2641 | D:3      | Noticed a small abomination
  2648 | D:3      | Noticed Dittersdorf's ghost (amateur GrFi)
  2817 | D:3      | Killed from afar by an orc wizard

Illustrated notes

Levels and vault maps discovered:
D:1:      dpeg_arrival_pits, layout_basic
D:2:      layout_loops_corners, wad_floor_pattern_1, uniq_jessica
D:3:      minmay_diamond_boxcup, layout_basic, gammafunk_ghost_abyssal_escape,
          minmay_misc_feat_tiny, minmay_rat_hole

Skill      XL: |  1  2  3  4 |
---------------+-------------+-----
Translocations | 3 |  3.5
Maces & Flails | 3 4 |  4.0
Fighting       | |  2.6
Throwing       | |  1.0
Dodging        | |  2.1
Spellcasting   | |  2.4

Action                     |  1- 3 |  4- 6 || total
---------------------------+-------+-------++-------
  Melee: Mace              |    91 |    83 ||   174
         Headbutt          |    13 |    13 ||    26
         Punch             |     1 |     2 ||     3
   Cast: Teleport Other    |       |     3 ||     3
 Armour: Robe              |    56 |    93 ||   149
  Dodge: Dodged            |    56 |    49 ||   105

Table legend: (Time is in decaauts)
 A = Elapsed time spent in this place.
 B = Non-inter-level travel time spent in this place.
 C = Inter-level travel time spent in this place.
 D = Time resting spent in this place.
 E = Time spent auto-exploring this place.
 F = Levels seen in this place.
 G = Mean time per level.
                   A        B        C        D        E       F      G
               +--------+--------+--------+--------+--------+-----+--------+
         Total |   2857 |   2644 |    213 |    815 |   1137 |   3 |  952.3 |
       Dungeon |   2857 |   2644 |    213 |    815 |   1137 |   3 |  952.3 |
               +--------+--------+--------+--------+--------+-----+--------+

Top non-repeatable levels by time:
     D:2: 1132 daAuts
     D:1: 867 daAuts
     D:3: 857 daAuts
